 Dungeon Crawl Stone Soup version 0.23.0 (webtiles) character file.

Game seed: 16753330693095794571

1168 Kisielow the Firebug (level 8, -1/45 HPs)
             Began as a Deep Elf Fire Elementalist on Feb 19, 2019.
             Was a Follower of Vehumet.
             Slain by an ice beast (3 damage)
             ... on level 4 of the Dungeon.
             The game lasted 00:13:34 (6844 turns).

Kisielow the Firebug (Deep Elf Fire Elementalist)   Turns: 6844, Time: 00:13:34

Health: -1/45      AC:  3    Str:  5    XL:     8   Next: 17%
Magic:  12/17      EV: 14    Int: 23    God:    Vehumet [*.....]
Gold:   169        SH:  5    Dex: 15    Spells: 10/17 levels left

rFire    . . .     SeeInvis .   o - +2 spear (vamp)
rCold    . . .     Gourm    .   (no shield)
rNeg     . . .     Faith    .   a - +0 robe
rPois    .         Spirit   .   h - +1 hat
rElec    .         Reflect  +   (no cloak)
rCorr    .         Harm     .   (no gloves)
MR       .....                  (no boots)
Stlth    ++........             i - +5 amulet of reflection
HPRegen  0.15/turn              (no ring)
MPRegen  0.15/turn              (no ring)

@: no status effects
A: no striking features
a: Renounce Religion


You were on level 4 of the Dungeon.
You worshipped Vehumet.
Vehumet was aware of your devotion.
You were hungry.

You visited 2 branches of the dungeon, and saw 6 of its levels.

You collected 169 gold pieces.

Inventory:

Hand Weapons
 o - a +2 vampiric spear (weapon)
Armour
 a - a +0 robe (worn)
 h - a +1 hat (worn)
Jewellery
 b - an uncursed amulet of guardian spirit {unknown}
 i - a +5 amulet of reflection (around neck)
Scrolls
 f - 4 scrolls of remove curse
 l - 2 scrolls of teleportation
 m - a scroll of enchant weapon
Potions
 d - a potion of berserk rage {unknown}
 g - 4 potions of curing
 k - a potion of flight
 n - a potion of heal wounds
Comestibles
 c - 3 rations
 j - a chunk of flesh


   Skills:
 * Level 2.4 Fighting
 * Level 4.5 Dodging
 - Level 2.4 Stealth
 - Level 5.0 Spellcasting
 + Level 5.4 Conjurations
 + Level 7.6 Fire Magic


You had 10 spell levels left.
You knew the following spells:

 Your Spells              Type           Power        Failure   Level  Hunger
e - Inner Flame           Hex/Fire       ###.....     6%          3    ##.....
p - Sandblast             Erth           #.....       10%         1    None
q - Flame Tongue          Conj/Fire      #####        1%          1    None
w - Throw Flame           Conj/Fire      #####.       1%          2    None

Your spell library contained the following spells:

 Spells                   Type           Power        Failure   Level  Hunger
 Conjure Flame            Conj/Fire      #####...     1%          3    ##.....
 Sticky Flame             Conj/Fire      #####...     6%          4    ####...
 Fireball                 Conj/Fire      #####.....   19%         5    #####..


Dungeon Overview and Level Annotations

Branches:
Dungeon (5/15)             Temple (1/1) D:4

Altars:
Ashenzari
Cheibriados
Dithmenos
Fedhas
Gozag
Hepliaklqana
Kikubaaqudgha
Nemelex Xobeh
Okawaru
Qazlal
Ru
Sif Muna
Trog
Uskayaw
Vehumet
Wu Jian
Xom
Yredelemnul
Zin
The Shining One


Message History

The ice beast is moderately wounded.
The ice beast hits you. The ice beast freezes you!
* * * LOW HITPOINT WARNING * * *
Casting: Flame Tongue (safe; 1% risk of failure)
Confirm with . or Enter, or press ? or * to list all spells.
Aiming: Flame Tongue (safe; 1% risk of failure)
Press: ? - help, Shift-Dir - straight line, f/p - ice beast
Aim: an ice beast (moderately wounded)
The flame tongue hits the ice beast!
The ice beast melts!
The ice beast is severely wounded.
The ice beast closely misses you.
Casting: Flame Tongue (safe; 1% risk of failure)
Confirm with . or Enter, or press ? or * to list all spells.
Aiming: Flame Tongue (safe; 1% risk of failure)
Press: ? - help, Shift-Dir - straight line, f/p - ice beast
Aim: an ice beast (severely wounded)
The flame tongue hits the ice beast.
The ice beast melts!
The ice beast is almost dead.
The ice beast hits you.
You die...

#.....####.# #.# #.....#
###........# #.# ####.##
....#.####.# #.# #.#
.#..#.# #.# #.# #.# .#....#
#.###.# #.#
###...####.##..#########.##
...........##.##..........#
....#...#####.##Y#######.##
.>..###.......##@# ###
....#....#######.#
..)....#.# #.# ###...##.#
#.# .#...###.# #.# .#..##
#.# #.# ...## #.# #.# #..#
#.# #.# ...#####.# #.#


You could see an ice beast.

Vanquished Creatures
  Grinder (D:3)
  Sigmund (D:3)
  A phantom (D:5)
  A centaur (D:5)
  A scorpion (D:4)
  2 crimson imps
  3 orc priests
  2 hounds
  2 orc wizards (D:5)
  Jessica (D:2)
  An iguana (D:4)
  A worker ant (D:4)
  Robin (D:3)
  4 adders
  7 gnolls
  An ooze (D:2)
  6 worms
  3 dart slugs
  2 leopard geckos (D:1)
  14 orcs
  7 bats
  3 giant cockroaches
  16 goblins
  14 hobgoblins
  5 jackals
  A quokka (D:3)
  14 frilled lizards
  10 kobolds
  A leopard gecko zombie (D:5)
  A quokka zombie (D:5)
  5 rats
132 creatures vanquished.

Notes
Turn   | Place    | Note
-------+----------+-------------------------------------------
     0 | D:1      | Kisielow the Deep Elf Fire Elementalist began the quest for
                  | the Orb.
     0 | D:1      | Reached XP level 1. HP: 10/10 MP: 6/6
   340 | D:1      | Reached XP level 2. HP: 15/15 MP: 3/8
   924 | D:1      | Learned a level 2 spell: Throw Flame
  1090 | D:1      | Reached XP level 3. HP: 19/19 MP: 7/10
  1095 | D:1      | Learned a level 3 spell: Inner Flame
  1964 | D:2      | Found a shimmering altar of Xom.
  1982 | D:2      | Noticed Jessica
  2037 | D:2      | Killed Jessica
  2037 | D:2      | Reached skill level 4 in Fire Magic
  2037 | D:2      | Reached XP level 4. HP: 24/24 MP: 4/12
  2344 | D:2      | Found a hazy altar of Hepliaklqana.
  2669 | D:2      | Reached skill level 5 in Spellcasting
  2731 | D:2      | Found an ornate altar of the Wu Jian Council.
  3171 | D:3      | Noticed Grinder
  3181 | D:3      | Killed Grinder
  3181 | D:3      | Reached skill level 5 in Fire Magic
  3181 | D:3      | Reached XP level 5. HP: 28/28 MP: 2/14
  3181 | D:3      | Reached XP level 6. HP: 32/32 MP: 2/15
  3306 | D:3      | Reached skill level 6 in Fire Magic
  3529 | D:3      | Noticed Sigmund
  3535 | D:3      | Killed Sigmund
  3535 | D:3      | Reached XP level 7. HP: 30/36 MP: 5/16
  3680 | D:3      | Noticed Robin
  3682 | D:3      | Killed Robin
  3687 | D:3      | Reached skill level 7 in Fire Magic
  4162 | D:3      | Found a bloodstained altar of Trog.
  4608 | D:4      | Found a staircase to the Ecumenical Temple.
  4616 | Temple   | Entered the Ecumenical Temple
  4622 | Temple   | Became a worshipper of Vehumet
  5021 | D:4      | Reached skill level 5 in Conjurations
  5270 | D:4      | Reached skill level 1 in Fighting
  5681 | D:5      | Entered Level 5 of the Dungeon
  6443 | D:5      | Reached XP level 8. HP: 44/44 MP: 0/17
  6721 | D:5      | Reached * piety under Vehumet
  6721 | D:5      | Offered knowledge of Sandblast by Vehumet.
  6834 | D:4      | Learned a level 1 spell: Sandblast
  6842 | D:4      | HP: 2/45 [ice beast (12)]
  6844 | D:4      | Slain by an ice beast

Skill      XL: |  1  2  3  4  5  6  7 |
---------------+----------------------+-----
Spellcasting   | 4 5 |  5.0
Conjurations   | 2 3 4 5 |  5.4
Fire Magic     | 4 5 6 7 |  7.6
Dodging        | 4 |  4.5
Fighting       | 2 |  2.4
Stealth        | |  2.4

Action                   |  1- 3 |  4- 6 |  7- 9 || total
-------------------------+-------+-------+-------++-------
Melee: Unarmed           |     5 |       |     1 ||     6
       Spear             |       |       |   136 ||   136
 Cast: Flame Tongue      |    38 |    14 |    31 ||    83
       Throw Flame       |    24 |    51 |    85 ||   160
       Inner Flame       |       |     2 |     4 ||     6
  Use: Scroll            |       |       |     8 ||     8
       Potion            |       |       |     4 ||     4
  Eat: Chunk             |     4 |     4 |     8 ||    16
       Ration            |       |       |     2 ||     2
Armor: Robe              |     5 |       |    22 ||    27
Dodge: Dodged            |    19 |    11 |    84 ||   114
Block: Other             |       |     2 |    29 ||    31
       Reflection        |       |     1 |     1 ||     2
